 Dungeon Crawl Stone Soup version 0.31-a0-700-gf13585253f (webtiles) character file.

Game seed: 9204497947665804559

4 qw the Shooter (level 1, 0/12 HPs)
             Began as a Gargoyle Hunter on Sept 7, 2023.
             Slain by a kobold
             ... wielding a +0 short sword
              (4 damage)
             ... on level 1 of the Dungeon.
             The game lasted 00:00:04 (74 turns).

qw the Shooter (Gargoyle Hunter)                      Turns: 74, Time: 00:00:04

Health: 0/12       AC:  5    Str: 14    XL:     1   Next: 70%
Magic:  1/1        EV:  8    Int:  9    God:
Gold:   16         SH:  0    Dex: 13    Spells: 0/0 levels left

rFire   . . .        a - +0 shortbow
rCold   . . .        (shield currently unavailable)
rNeg    + . .        c - +0 leather armour
rPois   inf          (no helmet)
rElec   +            (no cloak)
rCorr   .            (no gloves)
SInv    .            (no boots)
Will    .....        (no amulet)
Stlth   +            (no ring)
HPRegen 0.22/turn    (no ring)
MPRegen 0.07/turn

%: no passive effects
@: constricted
A: sickness immunity, AC +2, negative energy resistance 1, electricity
resistance, torment resistance 1, petrification resistance
a: no special abilities


You were on level 1 of the Dungeon.
You visited 1 branch of the dungeon, and saw 1 of its levels.

You collected 16 gold pieces.


Innate Abilities, Weirdness & Mutations

You are immune to sickness and miasma.
Your stone body is resilient. (AC +2)
You are immune to poison.
You resist negative energy. (rN+)
You are resistant to electric shocks. (rElec)
You are resistant to unholy torment.
You are immune to petrification.


   Skills:
 - Level 2.1 Fighting
 + Level 4.2 Ranged Weapons
 - Level 1.5 Dodging
 - Level 1.1 Stealth


You couldn't memorise any spells.
You didn't know any spells.
Your spell library was empty.

Inventory:

Hand Weapons
 a - a +0 shortbow (weapon)
Armour
 c - a +0 leather armour (worn)
Scrolls
 b - a scroll of butterflies
 d - a scroll of enchant armour {unknown}
Potions
 e - a potion of curing {unknown}

Dungeon Overview and Level Annotations

Branches:
Dungeon (1/15)

Altars:


Message History

You hear an angry hiss.
An endoplasm comes into view.
The endoplasm moves out of view.
You shoot an arrow.
The arrow hits the kobold but does no damage.
A ball python comes into view. x2
The kobold throws a stone.
The stone closely misses you.
You shoot an arrow. The ball python hisses angrily.
The arrow hits the ball python but does no damage.
You shoot an arrow. The endoplasm quivers.
The arrow hits the ball python!
You kill the ball python!
You shoot an arrow. The arrow hits the kobold.
The kobold is moderately wounded.
You shoot an arrow. The arrow closely misses the kobold.
The kobold throws a stone.
The stone hits you but does no damage.
You shoot an arrow. The arrow closely misses the kobold.
The ball python closely misses you. The ball python misses you.
The kobold hits you with a +0 short sword.
The ball python barely misses you. The ball python grabs you.
The ball python constricts you.
You shoot an arrow. The arrow hits the ball python.
The ball python is moderately wounded.
The ball python bites you but does no damage.
The kobold hits you but does no damage. The ball python barely misses you.
The ball python constricts you.
You shoot an arrow.
The arrow barely misses the ball python.
The ball python bites you. The ball python closely misses you.
The ball python constricts you.
The kobold hits you with a +0 short sword.
The endoplasm freezes you.
You are frozen.
The ball python barely misses you.
You shoot an arrow.
The arrow closely misses the ball python.
The ball python bites you. The ball python constricts you.
The kobold hits you with a +0 short sword.
You die...

### ..#.# ..##
............# ...##
##... .....#.#
....###...# ....#.####.
....#...#.# #..........
...%#.#.#.####?.........
...#..#.#...##..........
............##..SK...[..
####'#####..##..@S.....#
PPP#.#PPP#..##...J......
P}P#.#P}P#..##.#..#..#.#
PPP#.#PPP#........# ##
####.#####.....#....#
....<....+..##.#..###
####.#####.###....#
PPP#.#PPP#.# .....#
P}P#.#P}P#.# ......#


You could see an endoplasm, 2 ball pythons and a kobold.

Vanquished Creatures
  A goblin (D:1)
  A ball python (D:1)
  2 bats (D:1)
  2 rats (D:1)
6 creatures vanquished.

Notes
Turn   | Place    | Note
-------+----------+-------------------------------------------
     0 | D:1      | qw the Gargoyle Hunter began the quest for the Orb.
     0 | D:1      | Reached XP level 1. HP: 12/12 MP: 1/1
     0 | D:1      | 0 ||| qw: Version: 0.3-a-76-g4403597
     0 | D:1      | 0 ||| qw: Game counter: 595
     0 | D:1      | 0 ||| qw: Melee chars always use a shield: true
     0 | D:1      | 0 ||| qw: God list: Okawaru
     0 | D:1      | 0 ||| qw: Allow faded altars: false
     0 | D:1      | 0 ||| qw: Do Orc after clearing Dungeon:15 true
     0 | D:1      | 0 ||| qw: Do second Lair branch before Depths: true
     0 | D:1      | 0 ||| qw: Lair rune preference: random
     0 | D:1      | 0 ||| qw: Goals: Normal
     0 | D:1      | 0 ||| PLANNING D:1-11
    74 | D:1      | Slain by a kobold

Levels and vault maps discovered:
D:1:      beargit_arrival_greenhouse, layout_rooms, serial_shops,
          nicolae_shop_stone, nicolae_shop_pleasant_corner_grove,
          nicolae_shop_back_alley_shop, nicolae_lakefront_shop

Action                     || total
---------------------------++-------
   Fire: Shortbow          ||    26
 Armour: Leather armour    ||    13
  Dodge: Dodged            ||    17

Table legend:
 A = Non-vault XP
 B = Vault XP
 C = Vault XP percentage of total XP
 D = Non-vault monster count
 E = Vault monster count
 F = Vault count percentage of total count
                 A         B        C        D         E       F
            +---------+---------+-------+---------+---------+-------
      Total |       7 |       0 |   0.0 |       6 |       0 |   0.0
            +---------+---------+-------+---------+---------+-------
        D:1 |       7 |       0 |   0.0 |       6 |       0 |   0.0
            +---------+---------+-------+---------+---------+-------
